 Dungeon Crawl Stone Soup version 0.31.0-32-g396128a36d (webtiles) character file.

Game seed: 14840531723528482946

249 AdnanSaban the Covered (level 6, -2/38 HPs)
             Began as a Gargoyle Fighter on Apr 12, 2024.
             Slain by a hobgoblin (3 damage)
             ... led by Robin
             ... on level 2 of the Dungeon.
             The game lasted 00:02:56 (1994 turns).

AdnanSaban the Covered (Gargoyle Fighter)           Turns: 1994, Time: 00:02:58

Health: -2/38      AC: 14    Str: 21    XL:     6   Next: 12%
Magic:  6/6        EV:  8    Int:  9    God:
Gold:   59         SH:  4    Dex:  9    Spells: 5/5 levels left

rFire   . . .        a - +0 flail
rCold   . . .        c - +0 buckler
rNeg    + . .        l - +0 chain mail
rPois   ∞            (no helmet)
rElec   +            (no cloak)
rCorr   .            (no gloves)
SInv    .            (no boots)
Will    .....        k - amulet of the acrobat Stlth
                     (no ring)
HPRegen 0.26/turn    (no ring)
MPRegen 0.10/turn

%: acrobat
@: no status effects
A: sickness immunity, AC +4, negative energy resistance 1, electricity
resistance, torment resistance 1, petrification resistance
a: no special abilities


You were on level 2 of the Dungeon.
You visited 1 branch of the dungeon, and saw 3 of its levels.

You collected 59 gold pieces.

Inventory:

Hand Weapons
 a - a +0 flail (weapon)
Missiles
 n - 6 boomerangs (quivered)
Armour
 c - a +0 buckler (worn)
 l - a +0 chain mail (worn)
Jewellery
 k - an amulet of the acrobat (around neck)
Scrolls
 e - 2 scrolls of revelation {unknown}
 h - 2 scrolls of identify {unknown}
 i - a scroll of vulnerability {unknown}
 j - a scroll of amnesia {unknown}
Potions
 b - a potion of invisibility {unknown}
 d - a potion of might
 f - a potion of resistance {unknown}
 g - 2 potions of degeneration {unknown}
 m - a potion of brilliance {unknown}


   Skills:
 + Level 4.0 Fighting
 + Level 3.9 Maces & Flails
 + Level 4.6 Armour
 + Level 0.9 Dodging
 + Level 4.4 Shields


You had 5 spell levels left.
You didn't know any spells.
Your spell library was empty.

Dungeon Overview and Level Annotations

Branches:
Dungeon (3/15)

Altars:

Annotations:
D:2 Robin


Innate Abilities, Weirdness & Mutations

You are immune to sickness and miasma.
Your stone body is resilient. (AC +4)
You are immune to poison.
You resist negative energy. (rN+)
You are resistant to electric shocks. (rElec)
You are resistant to unholy torment.
You are immune to petrification.


Message History

* * * LOW HITPOINT WARNING * * *
The goblin barely misses you. The goblin hits you but does no damage.
You barely miss the goblin.
Robin roars a battlecry!
The goblin goes into a battle-frenzy!
The goblin hits you with a +0 dagger.
* * * LOW HITPOINT WARNING * * *
The goblin barely misses you. The goblin hits you but does no damage.
The goblin closely misses you. The goblin hits you but does no damage.
You closely miss the goblin.
The goblin no longer looks unusually strong. x2
The goblin closely misses you. You block the goblin's attack.
The goblin hits you but does no damage. The goblin barely misses you.
The goblin hits you with a +0 dagger.
* * * LOW HITPOINT WARNING * * *
The goblin hits you but does no damage. x2; You block the goblin's attack.
The goblin hits you with a +0 club.
* * * LOW HITPOINT WARNING * * *
The goblin closely misses you.
You hit the goblin.
You kill the goblin!
The goblin no longer looks unusually strong.
Robin throws the goblin at you! The goblin hits you with a +0 dagger.
* * * LOW HITPOINT WARNING * * *
You block the goblin's attack.
The goblin hits you but does no damage. x2
You closely miss the goblin. You block the goblin's attack.
The goblin hits you but does no damage. The goblin closely misses you.
You block the goblin's attack. The hobgoblin closely misses you.
Unknown command.
You hit the goblin but do no damage. The goblin closely misses you.
You block the goblin's attack.
The goblin hits you but does no damage. x2
The hobgoblin hits you but does no damage.
You barely miss the goblin. The goblin hits you but does no damage.
You block the goblin's attack. The goblin hits you but does no damage.
The goblin hits you with a +0 dagger.
* * * LOW HITPOINT WARNING * * *
The hobgoblin hits you but does no damage.
Robin says, "Kneel, worm!"
The goblin barely misses you. x2; The hobgoblin hits you.
You die...

...............##....#
###.........#####.####
# #########.# ##†# ##
##....# ##..#
.######..######..##
........######..#######
.##...###♣..♣#........#
.##.#.###..♣.###gg....#
...>#...'.♣♣♣#.g@######
#########♣.♣.#.gg# #
♣..♣#..g# # #####..##
... .... ..... #####
######
....##############


You could see Robin, a hobgoblin (strong) and 4 goblins.

Vanquished Creatures
  Sigmund (D:2)
  An adder (D:2)
  4 ribbon worms
  2 endoplasms (D:1)
  A giant cockroach (D:1)
  10 goblins
  4 hobgoblins
  3 quokkas
  4 ball pythons
  5 bats
  22 rats
57 creatures vanquished.

Notes
Turn   | Place    | Note
-------+----------+-------------------------------------------
     0 | D:1      | AdnanSaban the Gargoyle Fighter began the quest for the
                  | Orb.
     0 | D:1      | Reached XP level 1. HP: 14/14 MP: 1/1
    76 | D:1      | Reached XP level 2. HP: 9/19 MP: 2/2
   607 | D:1      | Reached XP level 3. HP: 23/23 MP: 3/3
   911 | D:2      | Noticed Sigmund
  1329 | D:1      | Reached XP level 4. HP: 17/29 MP: 4/4
  1606 | D:2      | Killed Sigmund
  1607 | D:2      | Reached XP level 5. HP: 13/33 MP: 5/5
  1607 | D:2      | Reached XP level 6. HP: 15/38 MP: 6/6
  1975 | D:2      | Noticed Robin
  1991 | D:2      | HP: 1/38 [goblin/+0 dagger[Robin] (3)]
  1994 | D:2      | Slain by a hobgoblin

Illustrated notes

Levels and vault maps discovered:
D:1:      ldierk_walled_garden_2, layout_basic, minmay_hexomino_c4
D:2:      layout_rooms, chequers_arboretum, corner_web_ring,
          kennysheep_small_spiral, minmay_rat_hole, uniq_robin, uniq_sigmund
D:3:      layout_rooms, gammafunk_temple_overflow_pools,
          nicolae_tso_carved_into_rock, portal_sewer_entry_c,
          minmay_goblin_kobold_house

Skill      XL: |  1  2  3  4 |
---------------+-------------+-----
Shields        | 4 |  4.4
Fighting       | 4 |  4.0
Maces & Flails | 3 |  3.9
Armour         | 4 |  4.6
Dodging        | |  0.9

Action                     |  1- 3 |  4- 6 || total
---------------------------+-------+-------++-------
  Melee: Flail             |   134 |    59 ||   193
 Armour: Scale mail        |   182 |    14 ||   196
         Chain mail        |       |    78 ||    78
  Dodge: Dodged            |   116 |    40 ||   156
  Block: Buckler           |    53 |    23 ||    76
